TOP OF THE 1ST |
Reading Rainbows batting - Pitching for Buffalo LightSabres : LHP Will Chapman
|
Pitching: LHP Will Chapman
|
|
Batting: LHB Ismael Barajas
|
0-0: Ball 1-0: Fly out, F9 (Flyball, 89S)
|
Batting: RHB Carlos Palomón
|
0-0: Ground out 5-3 (Groundball, 5)
|
Batting: RHB Ethan Moore
|
0-0: Called Strike 0-1: Ball 1-1: Swinging Strike 1-2: Hit by Pitch
|
Batting: LHB Víctor Peña
|
0-0: Foul Ball, location: 2F 0-1: Ball 1-1: Hit by Pitch Ethan Moore to second
|
Batting: RHB Richard Case
|
Balk! Ethan Moore to third Víctor Peña to second 0-0: Fly out, F8 (Flyball, 8LS)
|
Top of the 1st over - 0 runs, 0 hits, 0 errors, 2 left on base; Reading 0 - Buffalo 0 |
BOTTOM OF THE 1ST |
Buffalo LightSabres batting - Pitching for Reading Rainbows : LHP John Oliver
|
Pitching: LHP John Oliver
|
|
Batting: RHB Mike Wagner
|
0-0: Fly out, F8 (Flyball, 8RD)
|
Batting: RHB Júlio López
|
0-0: Ball 1-0: Called Strike 1-1: Ground out U3 (Groundball, 34)
|
Batting: RHB Augusto Padilla
|
0-0: Foul Ball, location: 2F 0-1: Ball 1-1: Swinging Strike 1-2: Foul Ball, location: 2F 1-2: Strikes out swinging
|
Bottom of the 1st over - 0 runs, 0 hits, 0 errors, 0 left on base; Reading 0 - Buffalo 0 |
TOP OF THE 2ND |
Reading Rainbows batting - Pitching for Buffalo LightSabres : LHP Will Chapman
|
Batting: RHB José Moreno
|
0-0: Ball 1-0: Ball 2-0: Called Strike 2-1: Ball 3-1: Called Strike 3-2: SINGLE (Line Drive, 89S)
|
Batting: RHB Hubert Brown
|
0-0: Foul Ball, location: 2F 0-1: Ball 1-1: Grounds into double play, 6-4-3 (Groundball, 6)
|
Batting: LHB Dennis McConnell
|
0-0: Ball 1-0: Swinging Strike 1-1: Ball 2-1: Foul Ball, location: 2F 2-2: Ball 3-2: Strikes out swinging
|
Top of the 2nd over - 0 runs, 1 hit, 0 errors, 0 left on base; Reading 0 - Buffalo 0 |
BOTTOM OF THE 2ND |
Buffalo LightSabres batting - Pitching for Reading Rainbows : LHP John Oliver
|
Batting: RHB Brad Ravenshaw
|
0-0: Foul Ball, location: 2F 0-1: Called Strike 0-2: Foul Ball, location: 2F 0-2: Ball 1-2: Foul Ball, location: 2F 1-2: Ball 2-2: Ground out 3-1 (Groundball, 34)
|
Batting: RHB Pat McDonald
|
0-0: Ball 1-0: Called Strike 1-1: Swinging Strike 1-2: Strikes out swinging, 2-3 out at first.
|
Batting: RHB Sean King
|
0-0: Ball 1-0: Ball 2-0: Called Strike 2-1: Foul Ball, location: 2F 2-2: Strikes out swinging
|
Bottom of the 2nd over - 0 runs, 0 hits, 0 errors, 0 left on base; Reading 0 - Buffalo 0 |
TOP OF THE 3RD |
Reading Rainbows batting - Pitching for Buffalo LightSabres : LHP Will Chapman
|
Batting: SHB Johnny Jackson
|
0-0: Fly out, F9 (Flyball, 89M)
|
Batting: LHB Ismael Barajas
|
0-0: Called Strike 0-1: Called Strike 0-2: Foul Ball, location: 2F 0-2: Ball 1-2: Strikes out looking
|
Batting: RHB Carlos Palomón
|
0-0: Ball 1-0: Ground out 5-3 (Groundball, 56)
|
Top of the 3rd over - 0 runs, 0 hits, 0 errors, 0 left on base; Reading 0 - Buffalo 0 |
BOTTOM OF THE 3RD |
Buffalo LightSabres batting - Pitching for Reading Rainbows : LHP John Oliver
|
Batting: LHB Sergio Luna
|
0-0: Called Strike 0-1: Ground out 4-3 (Groundball, 4)
|
Batting: LHB Emílio Montoya
|
0-0: Ball 1-0: Ball 2-0: Swinging Strike 2-1: Ground out 4-3 (Groundball, 4D)
|
Batting: LHB Júlio Córdova
|
0-0: Called Strike 0-1: Ground out 4-3 (Groundball, 4S)
|
Bottom of the 3rd over - 0 runs, 0 hits, 0 errors, 0 left on base; Reading 0 - Buffalo 0 |
TOP OF THE 4TH |
Reading Rainbows batting - Pitching for Buffalo LightSabres : LHP Will Chapman
|
Batting: RHB Ethan Moore
|
0-0: SINGLE (Groundball, 6D)
|
Batting: LHB Víctor Peña
|
0-0: Swinging Strike 0-1: Ball 1-1: Foul Ball, location: 2F 1-2: Foul Ball, location: 2F 1-2: Foul Ball, location: 2F 1-2: Foul Ball, location: 2F 1-2: Ball 2-2: SINGLE (Flyball, 7LS) Ethan Moore to second
|
Batting: RHB Richard Case
|
0-0: Ball 1-0: Swinging Strike 1-1: Ball 2-1: Grounds into double play, 6-4-3 (Groundball, 6) Ethan Moore to third
|
Batting: RHB José Moreno
|
0-0: Ball 1-0: Ground out 6-3 (Groundball, 6S)
|
Top of the 4th over - 0 runs, 2 hits, 0 errors, 1 left on base; Reading 0 - Buffalo 0 |
BOTTOM OF THE 4TH |
Buffalo LightSabres batting - Pitching for Reading Rainbows : LHP John Oliver
|
Batting: RHB Mike Wagner
|
0-0: Ball 1-0: Ball 2-0: Ground out 5-3 (Groundball, 56S)
|
Batting: RHB Júlio López
|
0-0: Ball 1-0: Ball 2-0: Fly out, F1 (Line Drive, 15S)
|
Batting: RHB Augusto Padilla
|
0-0: Ball 1-0: Foul Ball, location: 2F 1-1: Ball 2-1: Foul Ball, location: 2F 2-2: Ground out 6-3 (Groundball, 6)
|
Bottom of the 4th over - 0 runs, 0 hits, 0 errors, 0 left on base; Reading 0 - Buffalo 0 |
TOP OF THE 5TH |
Reading Rainbows batting - Pitching for Buffalo LightSabres : LHP Will Chapman
|
Batting: RHB Hubert Brown
|
0-0: SINGLE (Flyball, 56D)
|
Batting: LHB Dennis McConnell
|
0-0: Ball 1-0: Ball 2-0: Swinging Strike 2-1: Called Strike 2-2: Foul Ball, location: 2F 2-2: Ball 3-2: Fielders Choice at 2nd, 4-6 (Groundball, 4)
|
Batting: SHB Johnny Jackson
|
0-0: Ball 1-0: Called Strike Balk! Dennis McConnell to second 1-1: Ball 2-1: Foul Ball, location: 2F 2-2: Ball 3-2: Foul Ball, location: 2F 3-2: Base on Balls
|
Batting: LHB Ismael Barajas
|
0-0: Grounds into double play, 4-6-3 (Groundball, 4)
|
Top of the 5th over - 0 runs, 1 hit, 0 errors, 1 left on base; Reading 0 - Buffalo 0 |
BOTTOM OF THE 5TH |
Buffalo LightSabres batting - Pitching for Reading Rainbows : LHP John Oliver
|
Batting: RHB Brad Ravenshaw
|
0-0: Swinging Strike 0-1: Ball 1-1: Fly out, F3 (Popup, 3SF)
|
Batting: RHB Pat McDonald
|
0-0: Called Strike 0-1: Ball 1-1: Ball 2-1: Fly out, F7 (Line Drive, 7D)
|
Batting: RHB Sean King
|
0-0: Ball 1-0: Called Strike 1-1: Swinging Strike 1-2: Ball 2-2: Strikes out swinging
|
Bottom of the 5th over - 0 runs, 0 hits, 0 errors, 0 left on base; Reading 0 - Buffalo 0 |
TOP OF THE 6TH |
Reading Rainbows batting - Pitching for Buffalo LightSabres : LHP Will Chapman
|
Batting: RHB Carlos Palomón
|
0-0: Ball 1-0: Ground out 6-3 (Groundball, 6)
|
Batting: RHB Ethan Moore
|
0-0: Called Strike 0-1: Foul Ball, location: 2F 0-2: Fly out, F9 (Flyball, 9)
|
Batting: LHB Víctor Peña
|
0-0: Ball 1-0: Foul Ball, location: 2F 1-1: Ball 2-1: Foul Ball, location: 2F 2-2: Foul Ball, location: 2F 2-2: Foul Ball, location: 2F 2-2: Foul Ball, location: 2F 2-2: Ground out 4-3 (Groundball, 4)
|
Top of the 6th over - 0 runs, 0 hits, 0 errors, 0 left on base; Reading 0 - Buffalo 0 |
BOTTOM OF THE 6TH |
Buffalo LightSabres batting - Pitching for Reading Rainbows : LHP John Oliver
|
Batting: LHB Sergio Luna
|
0-0: Fly out, F5 (Popup, 5F)
|
Batting: LHB Emílio Montoya
|
0-0: Ball 1-0: Foul Ball, location: 2F 1-1: Called Strike 1-2: Fly out, F8 (Flyball, 8LM)
|
Batting: LHB Júlio Córdova
|
0-0: Foul Ball, location: 2F 0-1: Ball 1-1: SINGLE (Groundball, 4MD)
|
Batting: RHB Mike Wagner
|
0-0: Ball Pickoff Throw to First - Out!
|
Bottom of the 6th over - 0 runs, 1 hit, 0 errors, 0 left on base; Reading 0 - Buffalo 0 |
TOP OF THE 7TH |
Reading Rainbows batting - Pitching for Buffalo LightSabres : LHP Will Chapman
|
Batting: RHB Richard Case
|
0-0: Swinging Strike 0-1: Called Strike 0-2: Foul Ball, location: 2F 0-2: Ground out 5-3 (Groundball, 56)
|
Batting: RHB José Moreno
|
0-0: Foul Ball, location: 2F 0-1: Ball 1-1: Fly out, F8 (Flyball, 8RM)
|
Batting: RHB Hubert Brown
|
0-0: Called Strike 0-1: Ground out 6-3 (Groundball, 6)
|
Top of the 7th over - 0 runs, 0 hits, 0 errors, 0 left on base; Reading 0 - Buffalo 0 |
BOTTOM OF THE 7TH |
Buffalo LightSabres batting - Pitching for Reading Rainbows : LHP John Oliver
|
Batting: RHB Mike Wagner
|
0-0: Called Strike 0-1: Ball 1-1: Ball 2-1: Foul Ball, location: 2F 2-2: Foul Ball, location: 2F 2-2: Foul Ball, location: 2F 2-2: Foul Ball, location: 2F 2-2: Fly out, F7 (Flyball, 7S)
|
Batting: RHB Júlio López
|
0-0: Ball 1-0: Foul Ball, location: 2F 1-1: Ball 2-1: Foul Ball, location: 2F 2-2: Single, Error in OF, E8, batter to second base
|
Batting: RHB Augusto Padilla
|
0-0: Intentional Walk
|
Batting: RHB Brad Ravenshaw
|
0-0: Ball 1-0: Fly out, F8 (Flyball, 89M)
|
Batting: RHB Pat McDonald
|
0-0: Fly out, F7 (Line Drive, 7)
|
Bottom of the 7th over - 0 runs, 1 hit, 1 error, 2 left on base; Reading 0 - Buffalo 0 |
TOP OF THE 8TH |
Reading Rainbows batting - Pitching for Buffalo LightSabres : LHP Will Chapman
|
Pinch Hitting: RHB Edmund Swanson
|
0-0: Ball 1-0: Ball 2-0: Called Strike 2-1: SINGLE (Line Drive, 7LM)
|
Pinch Runner at 1st Carlos Huerta:
|
|
Batting: SHB Johnny Jackson
|
0-0: Swinging Strike 0-1: Ball 1-1: Ball 2-1: Grounds into double play, 4-6-3 (Groundball, 4)
|
Batting: LHB Ismael Barajas
|
0-0: Fly out, F3 (Popup, 3S)
|
Top of the 8th over - 0 runs, 1 hit, 0 errors, 0 left on base; Reading 0 - Buffalo 0 |
BOTTOM OF THE 8TH |
Buffalo LightSabres batting - Pitching for Reading Rainbows : LHP John Oliver
|
Now in RF: Carlos Huerta
|
|
Batting: RHB Sean King
|
0-0: Ball 1-0: Foul Ball, location: 2F 1-1: Called Strike 1-2: Strikes out looking
|
Pinch Hitting: RHB Peter Dixon
|
0-0: Called Strike 0-1: Swinging Strike 0-2: Foul Ball, location: 2F 0-2: Strikes out swinging, 2-3 out at first.
|
Pinch Hitting: RHB Abraham Hardy
|
0-0: Ball 1-0: Ball 2-0: Ball 3-0: Called Strike 3-1: Base on Balls
|
Pinch Hitting: RHB John Warren
|
0-0: Foul Ball, location: 2F 0-1: Fly out, F9 (Flyball, 9LSF)
|
Bottom of the 8th over - 0 runs, 0 hits, 0 errors, 1 left on base; Reading 0 - Buffalo 0 |
TOP OF THE 9TH |
Reading Rainbows batting - Pitching for Buffalo LightSabres : LHP Will Chapman
|
Now at 3B: Abraham Hardy
|
|
Now in LF: John Warren
|
|
Now in RF: Peter Dixon
|
|
Batting: RHB Carlos Palomón
|
0-0: Swinging Strike 0-1: Ball 1-1: Ball 2-1: SINGLE (Flyball, 78S)
|
Pitching: RHP Raymond Gibbons
|
|
Batting: RHB Ethan Moore
|
0-0: Foul Ball, location: 2F 0-1: Ball Carlos Palomón is caught stealing 2nd base 1-1: Swinging Strike 1-2: Ball 2-2: Strikes out swinging
|
Batting: LHB Víctor Peña
|
0-0: Hit by Pitch
|
Batting: RHB Richard Case
|
0-0: Called Strike 0-1: Foul Ball, location: 2F 0-2: Fly out, F8 (Flyball, 8RM)
|
Top of the 9th over - 0 runs, 1 hit, 0 errors, 1 left on base; Reading 0 - Buffalo 0 |
BOTTOM OF THE 9TH |
Buffalo LightSabres batting - Pitching for Reading Rainbows : LHP John Oliver
|
Pitching: RHP Jesús Manuel
|
|
Batting: RHB Mike Wagner
|
0-0: Ball 1-0: Foul Ball, location: 2F 1-1: Ball 2-1: Called Strike 2-2: Ball 3-2: Foul Ball, location: 2F 3-2: Base on Balls
|
Batting: RHB Júlio López
|
0-0: Called Strike 0-1: Foul Ball, location: 2F 0-2: Ball 1-2: Foul Ball, location: 2F 1-2: Ball 2-2: Ball 3-2: SINGLE (Groundball, 6M) (infield hit) Mike Wagner to second
|
Batting: RHB Augusto Padilla
|
0-0: Foul Ball, location: 2F 0-1: Ball 1-1: Fly out, F6 (Line Drive, 6)
|
Pinch Hitting: LHB Rob Davidson
|
0-0: Foul Ball, location: 2F 0-1: Ball 1-1: Ball 2-1: Ball 3-1: Base on Balls Mike Wagner to third Júlio López to second
|
Pinch Hitting: LHB Garrett King
|
0-0: Swinging Strike 0-1: Ball 1-1: Grounds into fielders choice 4-2 (Groundball, 4) Júlio López to third Rob Davidson to second
|
Batting: RHB Sean King
|
0-0: Fielders Choice at 2nd, 6-4 (Groundball, 6D)
|
Bottom of the 9th over - 0 runs, 1 hit, 0 errors, 3 left on base; Reading 0 - Buffalo 0 |
TOP OF THE 10TH |
Reading Rainbows batting - Pitching for Buffalo LightSabres : RHP Raymond Gibbons
|
Now at C: Ramão Almana
|
|
Now at 2B: Matt Ruskin
|
|
Batting: RHB José Moreno
|
0-0: Swinging Strike 0-1: Swinging Strike 0-2: Strikes out looking
|
Batting: RHB Hubert Brown
|
0-0: Foul Ball, location: 2F 0-1: Ball 1-1: Called Strike 1-2: Foul Ball, location: 2F 1-2: Strikes out swinging
|
Pinch Hitting: LHB Ramón Morán
|
0-0: Ball 1-0: Called Strike 1-1: Called Strike 1-2: Strikes out swinging
|
Top of the 10th over - 0 runs, 0 hits, 0 errors, 0 left on base; Reading 0 - Buffalo 0 |
BOTTOM OF THE 10TH |
Buffalo LightSabres batting - Pitching for Reading Rainbows : RHP Jesús Manuel
|
Pitching: RHP Manny Ramos
|
|
Now at 1B: Ramón Morán
|
|
Batting: RHB Peter Dixon
|
0-0: Ball 1-0: Swinging Strike 1-1: Called Strike 1-2: Strikes out looking
|
Batting: RHB Abraham Hardy
|
0-0: Ball 1-0: Ball 2-0: Foul Ball, location: 2F 2-1: Ball 3-1: Foul Ball, location: 2F 3-2: Strikes out swinging
|
Batting: RHB John Warren
|
0-0: Ball 1-0: Ball 2-0: Called Strike 2-1: SINGLE (Groundball, 56D)
|
Batting: RHB Mike Wagner
|
0-0: Foul Ball, location: 2F 0-1: Foul Ball, location: 2F 0-2: Ball 1-2: Ball 2-2: Ball 3-2: Base on Balls John Warren to second
|
Batting: RHB Júlio López
|
0-0: Foul Ball, location: 2F 0-1: Ball 1-1: Foul Ball, location: 2F 1-2: Foul Ball, location: 2F 1-2: Ball 2-2: Ball 3-2: Fly out, F5 (Line Drive, 5)
|
Bottom of the 10th over - 0 runs, 1 hit, 0 errors, 2 left on base; Reading 0 - Buffalo 0 |
TOP OF THE 11TH |
Reading Rainbows batting - Pitching for Buffalo LightSabres : RHP Raymond Gibbons
|
Pitching: RHP Dylan Versluis
|
|
Batting: SHB Johnny Jackson
|
0-0: SOLO HOME RUN (Line Drive, 89XD), Distance : 420 ft
|
Batting: LHB Ismael Barajas
|
0-0: Swinging Strike 0-1: Ball 1-1: Ball 2-1: SINGLE (Groundball, 56D)
|
Batting: RHB Carlos Palomón
|
0-0: Called Strike 0-1: Foul Ball, location: 2F 0-2: Ball 1-2: Foul Ball, location: 2F 1-2: Hit by Pitch Ismael Barajas to second
|
Batting: RHB Ethan Moore
|
0-0: Foul Ball, location: 2F 0-1: Called Strike 0-2: 3-RUN HOME RUN (Flyball, 7D), Distance : 391 ft
|
Pitching: RHP Jerry Catron
|
|
Batting: LHB Víctor Peña
|
0-0: Called Strike 0-1: Ball 1-1: Ground out 6-3 (Groundball, 4M)
|
Batting: RHB Richard Case
|
0-0: Called Strike 0-1: Foul Ball, location: 2F 0-2: Ground out 5-3 (Groundball, 56S)
|
Batting: RHB José Moreno
|
0-0: Ball 1-0: Foul Ball, location: 2F 1-1: Ground out 5-3 (Groundball, 5L)
|
Top of the 11th over - 4 runs, 3 hits, 0 errors, 0 left on base; Reading 4 - Buffalo 0 |
BOTTOM OF THE 11TH |
Buffalo LightSabres batting - Pitching for Reading Rainbows : RHP Manny Ramos
|
Batting: RHB Augusto Padilla
|
0-0: Fly out, F8 (Line Drive, 89D)
|
Batting: RHB Ramão Almana
|
0-0: Ball 1-0: Ball 2-0: Ball 3-0: Base on Balls
|
Batting: LHB Matt Ruskin
|
0-0: Ball 1-0: Ball 2-0: Ball 3-0: Called Strike 3-1: Called Strike 3-2: SINGLE (Flyball, 9LS) Ramão Almana to second
|
Batting: RHB Sean King
|
0-0: SINGLE (Line Drive, 6MD) Ramão Almana to third Matt Ruskin to second
|
Batting: RHB Peter Dixon
|
0-0: Ball 1-0: Foul Ball, location: 2F 1-1: Ball 2-1: Foul Ball, location: 2F 2-2: Strikes out swinging
|
Batting: RHB Abraham Hardy
|
0-0: Called Strike 0-1: Foul Ball, location: 2F 0-2: Foul Ball, location: 2F 0-2: Ball 1-2: Ball 2-2: Foul Ball, location: 2F 2-2: Foul Ball, location: 2F 2-2: Foul Ball, location: 2F 2-2: Strikes out looking
|
Bottom of the 11th over - 0 runs, 2 hits, 0 errors, 3 left on base; Reading 4 - Buffalo 0 |
|